 Dungeon Crawl Stone Soup version 0.24.0-7-gb3623d2c88 (webtiles) character file.

Game seed: 4303471222625392939, levelgen mode: deterministic

12676 Aviak the Covert (level 11, -9/72 HPs)
             Began as an Octopode Enchanter on Nov 2, 2019.
             Was an Initiate of Ru.
             Mangled by a brown ugly thing (16 damage)
             ... on level 11 of the Dungeon.
             The game lasted 00:24:28 (13411 turns).

Aviak the Covert (Octopode Enchanter)              Turns: 13411, Time: 00:24:28

Health: -9/72      AC:  0    Str:  7    XL:     11   Next: 97%
Magic:  15/15      EV: 21    Int: 17    God:    Ru [......]
Gold:   223        SH:  0    Dex: 21    Spells: 1/16 levels left

rFire    . . .     SeeInvis .   p - +3 rapier (venom)
rCold    . . .     Gourm    .   (no shield)
rNeg     + . .     Faith    .   (helmet restricted)
rPois    +         Spirit   .   (no amulet)
rElec    .         Reflect  .   k - +4 ring of dexterity
rCorr    .         Harm     .   A - +3 ring of protection
MR       .....                  c - ring of positive energy
Stlth    +++++++...             P - ring of poison resistance
HPRegen  0.22/turn              (no ring)
MPRegen  0.14/turn              (no ring)
                                (no ring)
                                (no ring)

@: corroded
A: almost no armour, stealthy swim, amphibious, 8 rings, constrict 8, camouflage
1, gelatinous body 1
a: Sacrifice Love, Sacrifice Resistance, Sacrifice Drink, Reject Sacrifices,
Renounce Religion


You were on level 11 of the Dungeon.
You worshipped Ru.
Ru was noncommittal.
You were not hungry.

You visited 2 branches of the dungeon, and saw 12 of its levels.

You collected 756 gold pieces.
You spent 533 gold pieces at shops.

Inventory:

Hand Weapons
 a - a +1 dagger
 p - a +3 rapier of venom (weapon)
Magical Staves
 q - an uncursed staff of poison {unknown}
Jewellery
 c - a ring of positive energy (on tentacle)
 k - a +4 ring of dexterity (left tentacle)
 A - a +3 ring of protection (right tentacle)
 P - a ring of poison resistance (on tentacle)
Wands
 b - a wand of enslavement (7)
 e - a wand of clouds (5)
 o - a wand of acid (5)
Scrolls
 h - 2 scrolls of amnesia
 m - 3 scrolls of noise {!r!r}
 n - a scroll of enchant armour {unknown}
 r - 7 scrolls of remove curse
 s - 2 scrolls of enchant weapon {unknown}
 y - a scroll of magic mapping {unknown}
Potions
 g - a potion of degeneration {!q!q}
 j - 3 potions of flight
 l - a potion of cancellation
 u - 2 potions of might
 v - 2 potions of mutation {!q}
Comestibles
 d - 23 rations


   Skills:
 + Level 5.2 Fighting
 - Level 9.1 Short Blades
 - Level 9.3 Dodging
 + Level 14.6 Stealth
 - Level 3.2 Spellcasting
 - Level 2.1 Conjurations
 - Level 5.1 Hexes
 - Level 3.0 Charms
 - Level 3.1 Necromancy


You had one spell level left.
You knew the following spells:

 Your Spells              Type           Power        Failure   Level  Hunger
a - Corona                Hex            ###....      1%          1    None
b - Ensorcelled Hibernat  Hex/Ice        ##....       9%          2    ##.....
c - Confuse               Hex            ###.....     6%          3    ###....
d - Tukima's Dance        Hex            ###.....     6%          3    ###....
e - Dazzling Spray        Conj/Hex       ###...       12%         3    ###....
f - Regeneration          Chrm/Necr      ##........   14%         3    ###....

Your spell library contained the following spells:

 Spells                   Type           Power        Failure   Level  Hunger
 Confusing Touch          Hex            ###...       1%          1    None
 Animate Skeleton         Necr           N/A          4%          1    None
 Infusion                 Chrm           ##..         4%          1    None
 Pain                     Necr           ##..         4%          1    None
 Apportation              Tloc           #.....       17%         1    None
 Summon Small Mammal      Summ           #...         17%         1    None
 Song of Slaying          Chrm           ##......     8%          2    ##.....
 Spectral Weapon          Hex/Chrm       ###.....     10%         3    ###....
 Shroud of Golubria       Chrm/Tloc      #.....       14%         2    ##.....


Dungeon Overview and Level Annotations

Branches:
Dungeon (11/15)            Temple (1/1) D:5            Lair (0/6) D:11
    Orc: D:9-12

Altars:
Ashenzari
Cheibriados
Dithmenos
Elyvilon
Fedhas
Gozag
Hepliaklqana
Kikubaaqudgha
Makhleb
Nemelex Xobeh
Okawaru
Qazlal
Ru
Sif Muna
Trog
Uskayaw
Vehumet
Wu Jian
Xom
Yredelemnul
Zin
The Shining One

Shops:
D:9 =   D:11 :

Annotations:
D:11 3 runed translucent doors, exclusion: obsidian statue, DavidChitty2's ghost, journeyman TrMo


Innate Abilities, Weirdness & Mutations

You cannot wear most types of armour.
You are very stealthy in the water. (Stealth+)
You are amphibious.
You can wear up to eight rings at the same time.
You can use your tentacles to constrict eight enemies at once.
Your skin changes colour to match your surroundings (Stealth+).
Your rubbery body absorbs attacks. (AC +1, EV +1)


Message History

The orc is engulfed in noxious fumes.
The orc appears confused.
The basilisk is engulfed in noxious fumes.
The brown ugly thing is engulfed in noxious fumes.
The brown ugly thing appears confused.
The brown ugly thing is engulfed in noxious fumes.
The killer bee is engulfed in noxious fumes.
The killer bee appears confused.
The brown ugly thing claws the six-headed hydra!
The six-headed hydra is splashed with acid.
The acid corrodes the six-headed hydra!
The orc is engulfed in noxious fumes.
The orc appears confused.
Found a leather armour.
The basilisk is engulfed in noxious fumes.
The basilisk appears confused.
The basilisk is engulfed in noxious fumes.
The basilisk is engulfed in noxious fumes.
The basilisk appears confused.
The brown ugly thing seems less confused.
The killer bee completely misses you. The brown ugly thing claws you!
You die...

##.. .... #.. .h.. #.. P.......
...P. #.. ......>♣.......
###8#######.. ....♣..........
z.......y##..
...............#############z.†..
.P..........P#.y[..# ####..
...y............@#### ####c.
..P.........###.u...# ##..y..
........... #.D...# #.c##..
.........######..##########.#####
....##.##.l.....##F8∩##.#........
..........#####.#∩..$.#...#.#####
....####### #.#8$Z$$+.#...# ...>#
#.#∩.8_W+†..### ....#
###8$$$.+....# ##


You could see a six-headed hydra, a brown ugly thing, a howler monkey
(wandering) and a killer bee.

Vanquished Creatures
  Gastronok (D:11)
  3 two-headed ogres (D:9)
  Joseph (D:8)
  Psyche (D:10)
  3 hornets (D:9)
  A troll (D:11)
  Grinder (D:3)
  2 hippogriffs
  Eustachio (D:5)
  A wraith (D:10)
  2 hungry ghosts (D:10)
  6 yaks
  A basilisk (D:10)
  2 black bears (D:9)
  A sky beast (D:8)
  3 porcupines
  2 ice beasts
  Duvessa (D:5)
  5 orc warriors
  A necrophage (D:5)
  7 ogres
  4 centaurs
  2 crocodiles
  8 bullfrogs
  Dowan (D:5)
  A wyvern skeleton (D:9)
  5 scorpions
  16 killer bees
  3 howler monkeys
  2 bullfrog zombies
  3 centaur zombies
  3 crimson imps
  A quasit (D:10)
  4 hounds
  A bullfrog skeleton (D:8)
  6 orc priests
  Crazy Yiuf (D:5)
  2 jellies
  Jessica (D:2)
  A centaur skeleton (D:9)
  An iguana (D:3)
  13 orc wizards
  9 worker ants
  A hound skeleton (D:5)
  10 adders
  2 shadow imps (D:11)
  2 oozes
  An adder zombie (D:8)
  An adder skeleton (D:8)
  A worm (D:2)
  2 dart slugs (D:1)
  5 leopard geckos
  21 orcs
  2 ball pythons
  3 giant cockroaches
  5 goblins
  5 hobgoblins
  6 jackals
  9 kobolds
  2 quokkas (D:5)
  4 bats
  4 frilled lizards
  9 rats
229 creatures vanquished.

Vanquished Creatures (others)
  2 dancing weapons
  An orc (D:9)
  A bush (D:11)
  3 fungi (D:11)
  19 plants (D:11)
26 creatures vanquished.

Grand Total: 255 creatures vanquished

Notes
Turn   | Place    | Note
-------+----------+-------------------------------------------
     0 | D:1      | Aviak the Octopode Enchanter began the quest for the Orb.
     0 | D:1      | Reached XP level 1. HP: 11/11 MP: 3/3
    56 | D:1      | Reached XP level 2. HP: 16/17 MP: 5/5
    68 | D:1      | Learned a level 2 spell: Ensorcelled Hibernation
   767 | D:1      | Reached XP level 3. HP: 14/21 MP: 6/6
   772 | D:1      | Learned a level 3 spell: Confuse
  1470 | D:2      | Reached XP level 4. HP: 20/27 MP: 7/7
  1945 | D:2      | Noticed Jessica
  1950 | D:2      | Killed Jessica
  2095 | D:3      | Found a shattered altar of Ashenzari.
  2097 | D:3      | Found a basalt altar of Yredelemnul.
  2097 | D:3      | Found a sparkling altar of Nemelex Xobeh.
  2097 | D:3      | Found a hide-covered altar of Uskayaw.
  2098 | D:3      | Found an ornate altar of the Wu Jian Council.
  2129 | D:3      | Reached skill level 5 in Stealth
  2129 | D:3      | Reached XP level 5. HP: 31/31 MP: 7/9
  2169 | D:3      | Found a white marble altar of Elyvilon.
  2201 | D:3      | Noticed Grinder
  2211 | D:3      | Killed Grinder
  2211 | D:3      | Reached XP level 6. HP: 12/36 MP: 0/10
  3199 | D:4      | Found an opulent altar of Gozag.
  3309 | D:4      | Reached skill level 6 in Stealth
  3309 | D:4      | Reached XP level 7. HP: 41/41 MP: 11/11
  3361 | D:4      | Noticed a yak
  3361 | D:4      | Noticed a yak
  3362 | D:4      | Noticed a yak
  3363 | D:4      | Noticed a yak
  3363 | D:4      | Noticed a yak
  3365 | D:4      | Noticed a yak
  3379 | D:4      | Killed a yak
  3468 | D:3      | Killed a yak
  3761 | D:4      | Found an iron altar of Okawaru.
  4181 | D:5      | Entered Level 5 of the Dungeon
  4198 | D:5      | Reached skill level 7 in Stealth
  4198 | D:5      | Reached skill level 5 in Hexes
  4198 | D:5      | Reached XP level 8. HP: 46/46 MP: 12/12
  4203 | D:5      | Learned a level 3 spell: Dazzling Spray
  4207 | D:5      | Learned a level 3 spell: Tukima's Dance
  4214 | D:5      | Found a staircase to the Ecumenical Temple.
  4217 | D:5      | Noticed Eustachio
  4227 | D:5      | Killed Eustachio
  4227 | D:5      | Reached skill level 1 in Conjurations
  4240 | Temple   | Entered the Ecumenical Temple
  4552 | D:5      | Noticed Duvessa
  4552 | D:5      | Noticed Dowan
  4591 | D:5      | Killed Duvessa
  4596 | D:5      | Reached skill level 5 in Dodging
  4608 | D:5      | Killed Dowan
  4612 | D:5      | Reached skill level 8 in Stealth
  4845 | D:5      | Reached skill level 5 in Short Blades
  4967 | D:5      | Found a sacrificial altar of Ru.
  4970 | D:5      | Became a worshipper of Ru the Awakened
  5420 | D:5      | Found a runed translucent door.
  5421 | D:5      | Noticed Crazy Yiuf
  5525 | D:5      | Killed Crazy Yiuf
  5638 | D:6      | Reached XP level 9. HP: 51/51 MP: 13/13
  5646 | D:6      | Reached skill level 9 in Stealth
  6135 | D:7      | Found a shadowy altar of Dithmenos.
  6581 | D:7      | Found a stormy altar of Qazlal.
  7094 | D:8      | Reached skill level 10 in Stealth
  7734 | D:8      | Noticed Joseph
  7742 | D:8      | Killed Joseph
  8332 | D:9      | Noticed a hornet
  8333 | D:9      | Killed a hornet
  8333 | D:9      | Reached XP level 10. HP: 56/56 MP: 14/14
  8334 | D:9      | Reached skill level 11 in Stealth
  8371 | D:9      | Found Vasho's Jewellery Shop.
  8381 | D:9      | Bought an uncursed ring of poison resistance for 260 gold
                  | pieces
  8381 | D:9      | Bought a +3 ring of protection for 273 gold pieces
  8624 | D:9      | Noticed a two-headed ogre
  8674 | D:9      | Found a blossoming altar of Fedhas.
  8682 | D:9      | Killed a two-headed ogre
  9116 | D:9      | Reached skill level 12 in Stealth
  9361 | D:9      | Noticed a two-headed ogre
  9381 | D:9      | Killed a two-headed ogre
  9690 | D:9      | Found a shimmering blue altar of Sif Muna.
  9781 | D:9      | Identified Sif Muna's Collected Works on Black Secrets
 10171 | D:10     | Entered Level 10 of the Dungeon
 10190 | D:10     | Noticed a two-headed ogre
 10254 | D:9      | Killed a two-headed ogre
 10254 | D:9      | Reached skill level 13 in Stealth
 10254 | D:9      | Reached XP level 11. HP: 50/61 MP: 4/15
 10339 | D:9      | Learned a level 3 spell: Regeneration
 10491 | D:10     | Noticed Psyche
 10494 | D:10     | Killed Psyche
 10494 | D:10     | Reached skill level 1 in Fighting
 10494 | D:10     | Reached skill level 1 in Charms
 10494 | D:10     | Reached skill level 1 in Necromancy
 11232 | D:11     | Found Soareg's Book Shop.
 11232 | D:11     | Noticed Gastronok
 11238 | D:11     | Killed Gastronok
 11241 | D:11     | Noticed an eight-headed hydra
 11332 | D:11     | Found a runed translucent gate.
 11335 | D:11     | Found a runed translucent gate.
 11336 | D:11     | Found a runed translucent gate.
 11475 | D:11     | Found an opulent altar of Gozag.
 11475 | D:11     | Noticed DavidChitty2's ghost (journeyman TrMo)
 11475 | D:11     | Noticed an obsidian statue
 11498 | D:11     | Noticed a skeletal warrior
 11505 | D:11     | Noticed a skeletal warrior
 11890 | D:11     | Noticed a six-headed hydra
 12229 | D:11     | Reached skill level 14 in Stealth
 12344 | D:11     | Noticed a brown ugly thing
 13245 | D:11     | Reached skill level 5 in Fighting
 13379 | D:11     | Found a staircase to the Lair.
 13411 | D:11     | Mangled by a brown ugly thing

Levels and vault maps discovered:
D:1:      erik_arrival_cave_to_civilisation [erik_arrival_cave_to_hall],
          layout_basic, minmay_heptomino_o4
D:2:      layout_loops_ring, uniq_jessica
D:3:      layout_basic, nicolae_overflow_crystal_walls,
          grunt_temple_overflow_open, first_ration, uniq_grinder
D:4:      layout_cave_pods, nicolae_gozag_seed_capital, okawaru_gym_becter
D:5:      layout_basic, kennysheep_mini_moat,
          minmay_temple_entry_statues_pillars, uniq_eustachio,
          uniq_crazy_yiuf_cottage, uniq_duvessa
D:6:      layout_cave_pools
D:7:      layout_loops_corners, old_standard_altar,
          nicolae_qazlal_general_emergency
D:8:      layout_basic, uniq_joseph
D:9:      layout_grid_maze, lemuel_crystal_altar, led_sif_book, serial_shops,
          nicolae_shop_waterfront, hangedman_pestilent_swarm
D:10:     layout_loops_ring, uniq_psyche
D:11:     layout_rooms, minmay_lair_entry_grove, enter_bailey_8,
          ebering_ghost_gozag, serial_shops, nicolae_shop_crystal,
          nicolae_tso_swordbearing_angel, uniq_gastronok
Temple:   compressed_dpeg_triangle_lava_temple

Skill      XL: |  1  2  3  4  5  6  7  8  9 10 11 |
---------------+----------------------------------+-----
Short Blades   | 2 3 4 5 7 9 |  9.1
Stealth        | 5 6 7 8 10 13 14 | 14.6
Dodging        | 3 4 5 7 9 |  9.3
Spellcasting   | 3 |  3.2
Hexes          | 4 5 |  5.1
Conjurations   | 2 |  2.1
Fighting       | 5 |  5.2
Charms         | 3 |  3.0
Necromancy     | 3 |  3.1

Action                   |  1- 3 |  4- 6 |  7- 9 | 10-12 || total
-------------------------+-------+-------+-------+-------++-------
Melee: Dagger            |    69 |    75 |    16 |       ||   160
       Constrict         |    16 |    17 |    20 |    39 ||    92
       Tentacles         |     6 |    13 |    28 |    54 ||   101
       Rapier            |       |       |   130 |   293 ||   423
 Cast: Ensorcelled Hiber |     4 |     6 |    10 |     5 ||    25
       Confuse           |       |     6 |    15 |    54 ||    75
       Corona            |       |     2 |       |     4 ||     6
       Tukima's Dance    |       |       |     5 |     7 ||    12
       Dazzling Spray    |       |       |       |    15 ||    15
Evoke: Wand              |       |       |     2 |     7 ||     9
  Use: Scroll            |       |     3 |     2 |    12 ||    17
       Potion            |       |       |     6 |     2 ||     8
 Stab: Sleeping          |    13 |    12 |    27 |    25 ||    77
       Confused          |       |     3 |     4 |    17 ||    24
       Distracted        |       |       |     1 |     2 ||     3
       Invisible         |       |       |       |     4 ||     4
       Paralysed         |       |       |       |     1 ||     1
  Eat: Chunk             |     2 |     6 |    14 |    12 ||    34
       Ration            |       |       |     1 |     5 ||     6
Armor: Skin              |     4 |     4 |    30 |    37 ||    75
Dodge: Dodged            |    44 |    32 |    81 |   295 ||   452
